 Dungeon Crawl Stone Soup version 0.30-a0-672-gc3a7216ad8 (webtiles) character file.

Game seed: 15900220512217188039

20 Dittersdorf the Covered (level 2, -2/19 HPs)
             Began as a Gargoyle Fighter on Jan 18, 2023.
             Slain by a black bear (6 damage)
             ... on level 2 of the Dungeon.
             The game lasted 00:00:57 (1094 turns).

Dittersdorf the Covered (Gargoyle Fighter)          Turns: 1094, Time: 00:00:57

Health: -2/19      AC:  9    Str: 19    XL:     2   Next: 79%
Magic:  2/2        EV: 24    Int:  8    God:
Gold:   79         SH:  4    Dex:  9    Spells: 1/1 levels left

rFire   . . .      SeeInvis .    a - +0 flail
rCold   . . .      Faith    .    c - +0 buckler
rNeg    + . .      Spirit   .    b - +0 scale mail
rPois   ∞          Reflect  .    (no helmet)
rElec   +          Harm     .    (no cloak)
rCorr   .          Rampage  .    (no gloves)
Will    .....                    (no boots) Stlth
                                 g - amulet of the acrobat
HPRegen 0.23/turn                k - ring of flight
MPRegen 0.08/turn                (no ring)

@: acrobatic, flying
A: sickness immunity, AC +2, negative energy resistance 1, electricity
resistance, torment resistance 1, petrification resistance
a: no special abilities


You were on level 2 of the Dungeon.
You visited 1 branch of the dungeon, and saw 2 of its levels.

You collected 79 gold pieces.

Inventory:

Hand Weapons
 a - a +0 flail (weapon)
Missiles
 e - 3 poisoned darts (quivered)
Armour
 b - a +0 scale mail (worn)
 c - a +0 buckler (worn)
Jewellery
 g - an amulet of the acrobat (around neck)
 k - a ring of flight (left hand)
Scrolls
 f - a scroll of teleportation {unknown}
 l - 2 scrolls of identify {unknown}
 m - a scroll of enchant weapon {unknown}
 n - a scroll of magic mapping {unknown}
Potions
 d - 2 potions of might
 h - a potion of degeneration {unknown}
 i - 2 potions of cancellation {unknown}
 j - a potion of mutation {unknown}


   Skills:
 + Level 3.5 Fighting
 + Level 2.3 Maces & Flails
 + Level 3.6 Armour
 + Level 3.5 Shields


You had one spell level left.
You didn't know any spells.
Your spell library was empty.

Dungeon Overview and Level Annotations

Branches:
Dungeon (2/15)

Altars:


Innate Abilities, Weirdness & Mutations

You are immune to sickness and miasma.
Your stone body is resilient. (AC +2)
You are immune to poison.
You resist negative energy. (rN+)
You are resistant to electric shocks. (rElec)
You are resistant to unholy torment.
You are immune to petrification.


Message History

You are too injured to fight recklessly!
You are too injured to fight recklessly!
The black bear attacks as you move away!
You block the black bear's attack. The black bear completely misses you.
The black bear claws you but does no damage.
Throw: 5 darts (poison)
Press: ? - help, Q - select action Shift-Dir - straight line, f - black bear
Aim: a black bear (lightly wounded, 62% to hit)
You throw a poisoned dart.
The poisoned dart barely misses the black bear.
The black bear bites you but does no damage.
The black bear barely misses you. The black bear claws you.
Throw: 4 darts (poison)
Press: ? - help, Q - select action Shift-Dir - straight line, f/p - black bear
Aim: a black bear (lightly wounded, 62% to hit)
You throw a poisoned dart. The poisoned dart hits the black bear.
The black bear is poisoned.
The black bear is lightly wounded.
The black bear bites you but does no damage.
The black bear claws you.
* * * LOW HITPOINT WARNING * * *
The black bear claws you.
* * * LOW HITPOINT WARNING * * *
The black bear attacks as you move away!
The black bear bites you but does no damage.
The black bear closely misses you.
The black bear claws you but does no damage.
The black bear looks more healthy.
The black bear attacks as you move away!
The black bear completely misses you. The black bear misses you.
The black bear closely misses you.
The black bear attacks as you move away!
You block the black bear's attack.
The black bear completely misses you. x2
The black bear attacks as you move away!
You block the black bear's attack.
The black bear claws you but does no damage.
The black bear closely misses you.
The black bear attacks as you move away!
The black bear bites you.
You die...

#.#####.# #.####...##
#.#####.###.###.....#
#.....#.....+.......#
#..#..#'#######.....#
######### #..##†..#
##....#
........####..######
##.#.# #######.......#
#.#.#
#(.(..........########
#.#.#
#.##########(K.h@....#
#.#.# ..# #.#######.#
#...# ... #.# #. #...#
###. #.# #.# ##..# .#
#.# #.# #..# # #.# #.#
#..# #.# #.# #..# #.#
#.# #..# #.#
#.########..#


You could see a black bear and a kobold.

Vanquished Creatures
  A dart slug (D:1)
  An endoplasm (D:1)
  2 giant cockroaches
  2 kobolds
  A quokka (D:1)
  3 ball pythons (D:1)
  4 bats
  A frilled lizard (D:1)
  3 goblins
  A rat (D:2)
19 creatures vanquished.

Notes
Turn   | Place    | Note
-------+----------+-------------------------------------------
     0 | D:1      | Dittersdorf the Gargoyle Fighter began the quest for the
                  | Orb.
     0 | D:1      | Reached XP level 1. HP: 14/14 MP: 1/1
   157 | D:1      | Reached XP level 2. HP: 18/19 MP: 2/2
   481 | D:1      | Found a faded altar of an unknown god.
  1072 | D:2      | Noticed a black bear
  1094 | D:2      | Slain by a black bear

Illustrated notes

Levels and vault maps discovered:
D:1:      roderic_octagonal_star, layout_loops_corners,
          hellmonk_ecumenical_altar_heavens_door, feat_on_display
D:2:      layout_loops_ring, serial_park_tiny_2, minmay_misc_feat_encased

Action                   || total
-------------------------++-------
Melee: Flail             ||    50
Throw: Dart              ||     2
Armor: Scale mail        ||    41
Dodge: Dodged            ||    33
Block: Buckler           ||    16

Table legend: (Time is in decaauts)
 A = Elapsed time spent in this place.
 B = Non-inter-level travel time spent in this place.
 C = Inter-level travel time spent in this place.
 D = Time resting spent in this place.
 E = Time spent auto-exploring this place.
 F = Levels seen in this place.
 G = Mean time per level.
                   A        B        C        D        E       F      G
               +--------+--------+--------+--------+--------+-----+--------+
         Total |   1109 |   1053 |     56 |      0 |    894 |   2 |  554.5 |
       Dungeon |   1109 |   1053 |     56 |      0 |    894 |   2 |  554.5 |
               +--------+--------+--------+--------+--------+-----+--------+

Top non-repeatable levels by time:
     D:1: 913 daAuts
     D:2: 196 daAuts
